 Dungeon Crawl Stone Soup version 0.32-a0-329-ge6c31236d6 (webtiles) character file.

Game seed: 15589245229409457803

636701 Asceticacid the Hoplite (level 27, -3/216 (226) HPs)
             Began as a Gnoll Fighter on Feb 11, 2024.
             Was the Champion of Makhleb.
             Killed by divine providence
             ... invoked by a meliai
              (12 damage)
             ... on level 6 of the Abyss on Feb 16, 2024.
             The game lasted 03:39:05 (89855 turns).

Asceticacid the Hoplite (Gnoll Fighter)            Turns: 89855, Time: 03:39:06

HP:   -3/216 (226)  AC: 37    Str: 26 (28) XL:     27
MP:   14/15         EV: 24    Int:  8      God:    Makhleb [******]
Gold: 2023          SH:  0    Dex: 22 (24) Spells: 14/65 levels left

rFire   + + +        a - +8 Wrath of Trog {antimagic, *Rage Rampage}
rCold   + + .        (shield currently unavailable)
rNeg    + + .        x - +8 fire dragon scales of the Soldier {rF++ rC- Str+4 Slay+2}
rPois   +            N - -2 hat of the Alchemist {rElec rPois rF+ rC+ rN+ Will+ rMut rCorr}
rElec   +            J - +4 dragonskin cloak
rCorr   +            g - +1 pair of gloves of Analysis {Dex+5}
SInv    .            k - +3 pair of mountain boots {steadfast, rC+}
Will    ++++.        n - amulet "Daugazah" {rC+ rN+ Regen+ Int+3 Stlth+}
Stlth   +++++++      e - ring of Nairim {Will+ Str+3 Dex+6}
HPRegen 0.00/turn    l - +4 ring of protection
MPRegen 0.14/turn

%: random rage (59%), resist mutation, rampage
@: on berserk cooldown, sick, slowed, studying 2 skills, lightly drained, very
slow
A: fangs 1, strong nose, distributed training, antennae 1, talons 1, iridescent
scales 1, poison resistance, strong 1, subdued magic 1, [berserk 2], clumsy
1[+1], [deformed body], [dopey 2], ([teleportitis 2]), [weak 2], inability to
drink after injury 1[+1], [inability to read after injury 2]
}: 4/15 runes: decaying, slimy, silver, gossamer
a: Renounce Religion, Minor Destruction, Lesser Servant of Makhleb, Major
Destruction, Greater Servant of Makhleb


You were on level 6 of the Abyss.
You worshipped Makhleb.
Makhleb was exalted by your worship.
You visited 14 branches of the dungeon, and saw 56 of its levels.
You visited Pandemonium 1 time, and saw 2 of its levels.
You visited the Abyss 2 times.
You also visited: Desolation.

You collected 7625 gold pieces.
You spent 5602 gold pieces at shops.

Inventory:

Hand Weapons
 a - the +8 Wrath of Trog (weapon) {antimagic, *Rage Rampage}
   (You found it on level 3 of the Depths)

   It causes slowness and exhaustion when equipped.
   It extends the wielder's berserk rage when killing foes.
   *Rage:     It berserks you when you make melee attacks (+50% chance).
   Rampage:   It bestows one free step when moving towards enemies.
 b - a +9 eveningstar of protection
Missiles
 M - a throwing net
Armour
 g - the +1 pair of gloves of Analysis (worn) {Dex+5}
   (You found it in the Desolation of Salt)

   Dex+5:     It affects your dexterity (+5).
 k - the +3 pair of mountain boots (worn) {steadfast, rC+}
   (You bought it in a shop on level 2 of the Orcish Mines)

   Steadfast: It prevents involuntary movement, except for blinking,
   teleportation, or banishment.
   rC+:       It protects you from cold.
 x - the +8 fire dragon scales of the Soldier (worn) {rF++ rC- Str+4 Slay+2}
   (You found it on level 3 of the Elven Halls)

   Str+4:     It affects your strength (+4).
   Slay+2:    It affects your accuracy & damage with ranged weapons and melee
   (+2).
   rF++:      It greatly protects you from fire.
   rC-:       It makes you vulnerable to cold.
 z - a +5 kite shield of reflection
 J - the +4 dragonskin cloak (worn)
   (You took it off Tiamat on level 1 of the Realm of Zot)

   Avatar's Aegis: It grants the wearer a chance to resist fire, cold, poison,
   electricity, acid, and negative energy.
 N - the -2 hat of the Alchemist (worn) {rElec rPois rF+ rC+ rN+ Will+ rMut rCorr}
   (You found it on level 3 of the Elven Halls)

   rF+:       It protects you from fire.
   rC+:       It protects you from cold.
   rElec:     It insulates you from electricity.
   rPois:     It protects you from poison rN+: It protects you from negative
   energy.
   Will+:     It increases your willpower.
   rCorr:     It protects you from acid and corrosion.
   rMut:      It protects you from mutation.
Jewellery
 e - the ring of Nairim (left hand) {Will+ Str+3 Dex+6}
   (You bought it in a shop on level 2 of the Vaults)

   [ring of dexterity]

   Str+3:     It affects your strength (+3).
   Dex+6:     It affects your dexterity (+6).
   Will+:     It increases your willpower.
 l - a +4 ring of protection (right hand)
 n - the amulet "Daugazah" (around neck) {rC+ rN+ Regen+ Int+3 Stlth+}
   (You bought it in a shop on level 2 of the Vaults)

   [amulet of regeneration]

   Int+3:     It affects your intelligence (+3).
   rC+:       It protects you from cold.
   rN+:       It protects you from negative energy.
   Regen+:    It increases your rate of health regeneration.
   Stlth+:    It makes you more stealthy.
Talismans
 B - a granite talisman
Wands
 o - a wand of charming (23)
 s - a wand of mindburst (21)
 w - a wand of digging (37)
 I - a wand of iceblast (10)
 O - a wand of polymorph (28)
 P - a wand of light (12)
Scrolls
 c - 2 scrolls of summoning
 f - 5 scrolls of enchant weapon
 h - 5 scrolls of fear
 i - 4 scrolls of teleportation
 j - 8 scrolls of fog
 m - 4 scrolls of poison
 C - 7 scrolls of revelation
 H - 7 scrolls of immolation
 K - 2 scrolls of blinking
 T - 4 scrolls of enchant armour
 U - 3 scrolls of silence
 W - 4 scrolls of amnesia
Potions
 d - 12 potions of might
 p - 11 potions of enlightenment
 q - 7 potions of magic
 r - 5 potions of mutation
 u - 3 potions of berserk rage
 A - 25 potions of curing
 D - 3 potions of haste
 E - 6 potions of cancellation
 L - a potion of attraction
 Q - 5 potions of resistance
 R - 9 potions of ambrosia
 V - 7 potions of invisibility
 X - 7 potions of brilliance
 Y - 3 potions of lignification
Miscellaneous
 v - a phial of floods
 y - a condenser vane
 F - a phantom mirror
 G - the horn of Geryon (inert)
 S - a lightning rod (inert)
 Z - a box of beasts (inert)


   Skills:
 + Level 20.4 Fighting
 + Level 19.5 Short Blades
 + Level 19.5 Long Blades
 + Level 19.5 Axes
 + Level 20.0 Maces & Flails
 + Level 19.5 Polearms
 + Level 19.5 Staves
 + Level 19.5 Ranged Weapons
 + Level 19.5 Throwing
 + Level 20.4 Armour
 + Level 19.5 Dodging
 + Level 19.5 Stealth
 + Level 23.6 Shields
 + Level 22.3 Unarmed Combat
 + Level 19.5 Spellcasting
 + Level 16.7 Conjurations
 + Level 16.7 Hexes
 + Level 16.7 Summonings
 + Level 16.7 Necromancy
 + Level 16.7 Translocations
 + Level 16.7 Fire Magic
 + Level 16.7 Ice Magic
 + Level 16.7 Air Magic
 + Level 16.7 Earth Magic
 + Level 16.7 Alchemy
 + Level 21.1 Invocations
 + Level 19.5 Evocations
 + Level 18.1 Shapeshifting


You had 14 spell levels left.
You knew the following spells:

 Your Spells              Type           Power      Damage    Failure   Level
a - Blink                 Tloc           52%        N/A       0%          2
b - Teleport Other        Tloc           26%        N/A       0%          3
c - Yara's Violent Unrav  Hex/Alch       13%        3d7       1%          5
d - Ensorcelled Hibernat  Hex/Ice        52%        N/A       0%          2
e - Olgreb's Toxic Radia  Alch           26%        N/A       1%          4
f - Plasma Beam           Fire/Air       13%        2x1d24    1%          6
g - Lee's Rapid Deconstr  Erth           13%        3d9*      1%          5
h - Maxwell's Capacitive  Air            13%        ∞         54%         8
i - Ignition              Fire           13%        3d6       54%         8
j - Discord               Hex            13%        N/A       54%         8

Your spell library contained the following spells:

 Spells                   Type           Power      Damage    Failure   Level
 Apportation              Tloc           52%        N/A       0%          1
 Foxfire                  Conj/Fire      100%       2x1d9     0%          1
 Freeze                   Ice            100%       1d10      0%          1
 Kiss of Death            Conj/Necr      100%       2d13      0%          1
 Magic Dart               Conj           100%       1d8       0%          1
 Necrotise                Necr           100%       1d9       0%          1
 Shock                    Conj/Air       100%       1d9       0%          1
 Sting                    Conj/Alch      100%       1d9       0%          1
 Call Imp                 Summ           52%        N/A       0%          2
 Jinxbite                 Hex            52%        N/A       0%          2
 Lesser Beckoning         Tloc           52%        N/A       0%          2
 Mercury Vapours          Alch/Air       52%        N/A       0%          2
 Static Discharge         Conj/Air       52%        3-6/arc   0%          2
 Sublimation of Blood     Necr           26%        N/A       0%          2
 Confusing Touch          Hex            26%        N/A       0%          3
 Dazzling Flash           Conj/Hex       52%        N/A       0%          3
 Frozen Ramparts          Ice            52%        1d8       0%          3
 Fugue of the Fallen      Necr           26%        N/A       0%          3
 Gell's Gravitas          Tloc           26%        N/A       0%          3
 Hailstorm                Conj/Ice       26%        3d7       0%          3
 Inner Flame              Hex/Fire       26%        N/A       0%          3
 Mephitic Cloud           Conj/Alch/Air  26%        N/A       0%          3
 Passwall                 Erth           26%        N/A       0%          3
 Swiftness                Air            26%        N/A       0%          3
 Tukima's Dance           Hex            26%        N/A       0%          3
 Vampiric Draining        Necr           26%        2d7       0%          3
 Volatile Blastmotes      Fire/Tloc      52%        2d14      0%          3
 Airstrike                Air            13%        2d(2-18)  1%          4
 Anguish                  Hex/Necr       13%        N/A       1%          4
 Animate Armour           Summ/Erth      52%        N/A       1%          4
 Animate Dead             Necr           26%        N/A       1%          4
 Dimensional Bullseye     Hex/Tloc       13%        N/A       1%          4
 Dispel Undead            Necr           26%        3d13      1%          4
 Flame Wave               Conj/Fire      26%        2d8       1%          4
 Fulminant Prism          Conj/Alch      13%        3d9       1%          4
 Ignite Poison            Fire/Alch      26%        N/A       1%          4
 Iskenderun's Mystic Bla  Conj/Tloc      26%        2d7       1%          4
 Leda's Liquefaction      Alch/Erth      13%        N/A       1%          4
 Martyr's Knell           Necr/Summ      26%        N/A       1%          4
 Petrify                  Alch/Erth      26%        N/A       1%          4
 Sticky Flame             Fire/Alch      26%        2d6       1%          4
 Summon Blazeheart Golem  Fire/Summ      26%        N/A       1%          4
 Summon Lightning Spire   Summ/Air       26%        N/A       1%          4
 Vhi's Electric Charge    Tloc/Air       52%        N/A       1%          4
 Alistair's Intoxication  Alch           17%        N/A       1%          5
 Arcjolt                  Conj/Air       13%        1d23      1%          5
 Borgnjor's Vile Clutch   Necr/Erth      13%        N/A       1%          5
 Curse of Agony           Necr           26%        N/A       1%          5
 Irradiate                Conj/Alch      13%        3d16      1%          5
 Iskenderun's Battlesphe  Conj           26%        2d8       1%          5
 Bombard                  Conj/Erth      13%        9d3       1%          6
 Conjure Ball Lightning   Conj/Air       13%        3x3d6     1%          6
 Death Channel            Necr           13%        N/A       1%          6
 Starburst                Conj/Fire      13%        6d5       1%          6
 Enfeeble                 Hex            13%        N/A       8%          7
 Haunt                    Necr/Summ      13%        N/A       8%          7
 Malign Gateway           Summ/Tloc      13%        N/A       8%          7
 Orb of Destruction       Conj           13%        9d7       8%          7
 Spellforged Servitor     Conj/Summ      13%        N/A       8%          7
 Disjunction              Tloc           13%        N/A       54%         8
 Summon Horrible Things   Summ           13%        N/A       54%         8


Dungeon Overview and Level Annotations

Branches:
Dungeon (15/15)            Temple (1/1) D:4            Lair (5/5) D:9
  Swamp (4/4) Lair:2       Spider (4/4) Lair:3        Slime (5/5) Lair:5
    Orc (2/2) D:10            Elf (3/3) Orc:2        Vaults (5/5) D:13
  Crypt (1/3) Vaults:3     Depths (4/4) D:15           Hell (visited)
    Dis (1/7) Hell            Geh (0/7) Hell            Tar (0/7) Hell
    Zot (5/5) Depths:4    Desolation (visited)
    Coc: Hell:1

Altars:
Ashenzari
Cheibriados
Dithmenos
Elyvilon
Fedhas
Gozag
Hepliaklqana
Kikubaaqudgha
Makhleb
Nemelex Xobeh
Okawaru
Qazlal
Ru
Sif Muna
Trog
Uskayaw
Vehumet
Wu Jian
Xom
Yredelemnul
Zin
The Shining One
Beogh
Jiyva

Shops:
D:3 ?   D:12 !   Orc:1 !   Orc:2 [[(*   Elf:1 *   Vaults:2 =*[*!   Vaults:4 [
Zot:1 *   Depths:1 =!:*   Depths:3 ?

Portals:
Hell: Depths:1 Depths:2 Depths:3 Depths:4
Abyss: Depths:2 Depths:3
Pandemonium: Depths:1 Depths:2 Depths:3
Ziggurat: Depths:4
Trove: Depths:4 (give 5 scrolls of fear)

Annotations:
Lair:5 2 transporters, Scrimshaw's ghost, journeyman OpSh
Depths:4 Fiun's ghost, veteran GnWn
Hell exclusion: ice statue
Zot:4 4 transporters


Innate Abilities, Weirdness & Mutations

You have very sharp teeth.
Your uncanny sense of smell can sniff out nearby items.
Your experience applies equally to all skills.
You have a pair of small antennae on your head.
You have sharp toenails.
You are partially covered in iridescent scales. (AC +2)
Your system is resistant to poisons. (rPois)
Your muscles are strong. (Str +4, Int/Dex -1)
Your spells are a little easier to cast, but a little less powerful.
[You have an uncontrollable temper.]
[You are very clumsy. (Dex -4)]
[Armour fits poorly on your strangely shaped body.]
[You are very dopey. (Int -4)]
[((You are often teleported next to monsters.))]
[You are very weak. (Str -4)]
[You sometimes lose the ability to drink potions when taking damage.]
[You sometimes lose the ability to read scrolls when taking damage.]


Message History

Deactivating autopickup; reactivate with Ctrl-A.
Your +9 eveningstar of protection goes still.
You feel the exhaustion of battles past.
You are exhausted.
You feel yourself slow down.
a - the +8 Wrath of Trog (weapon)
{antimagic, *Rage Rampage} The meliai closely misses you.
The meliai stings you but does no damage.
The meliai barely misses you. The meliai stings you.
* * * LOW HITPOINT WARNING * * *
The meliai completely misses you. The meliai closely misses you.
The green very ugly thing is engulfed in excruciating misery.
The green very ugly thing bites you!
* * * LOW HITPOINT WARNING * * *
The wretched star pulses with an eldritch light!
You feel better.
The meliai calls upon its god to heal the meliai.
The meliai's wounds heal themselves!
The meliai calls down the wrath of its god upon you.
Something smites you!
* * * LOW HITPOINT WARNING * * *
The meliai closely misses you. The meliai misses you.
The meliai barely misses you. The meliai misses you. x2
The meliai stings you but does no damage.
The meliai completely misses you. The meliai barely misses you.
The meliai calls upon its god to heal the meliai.
The meliai's wounds heal themselves!
The green very ugly thing misses you.
The wretched star pulses with an eldritch light!
You feel clumsy.
The green very ugly thing is engulfed in excruciating misery.
The green very ugly thing barely misses you.
The meliai completely misses you. The meliai misses you.
The meliai closely misses you. x4; The green very ugly thing misses you.
You hear a horrible gurgling sound!
Blink to where?
Press: ? - help, Dir - move target
As you read the scroll of blinking, it crumbles to dust.
The meliai mumbles some strange prayers to its god against you.
Something smites you!
You die...

#.yu#u*.# §
..#.y⌠# .#
.###†## . #
#§..#yzz#⌠ .#..
. ..y○°.°°. ...
..∩...○x... .
........#..§#.#
.##....#.....
..
#@.#..#.#..#..
#...#.##..#..
.. ..#...# ...
. . ...#..###
## .. ..... ..#
##.. .... ...
.#.. ### #.#.#


You could see 2 weeping skulls, a small abomination and 3 meliai.

Vanquished Creatures
  A pandemonium lord (Pan)
  the Royal Jelly (Slime:5)
  Dissolution (Slime:4)
  A dread lich (Zot:5)
  4 orbs of fire
  Mara (Depths:1)
  2 ancient liches (Vaults:5)
  Parghit (Zot:1)
  Boris (Depths:1)
  the Lernaean hydra (Swamp:4)
  A Killer Klown (Zot:5)
  The ghost of Zonian the Warrior, a legendary VSFi of Elyvilon (Zot:3)
  6 golden dragons
  4 curse toes
  Geryon (Hell)
  Nikola (Depths:1)
  An iron giant (Hell)
  3 electric golems
  18 tentacled monstrosities
  9 Orb Guardians (Zot:5)
  3 liches
  Asterion (Elf:1)
  4 titans (Vaults:5)
  A tainted leviathan (Hell)
  A walking frostbound tome (Depths:3)
  2 deep elf master archers (Elf:3)
  3 deep elf blademasters
  9 quicksilver dragons
  2 Executioners (Zot:3)
  5 searing wretches
  4 sphinxes
  2 ancient champions
  Frances (D:12)
  A tentacled starspawn (Abyss:6)
  8 death cobs
  21 acid blobs
  3 thorn hunters
  10 storm dragons
  10 shadow dragons
  4 draconian monks
  13 azure jellies
  7 tengu reavers
  3 revenants (Crypt:1)
  An iron dragon (Vaults:5)
  Roxanne (Swamp:1)
  7 draconian knights
  2 fenstrider witches
  8 fire giants
  6 protean progenitors
  8 draconian scorchers
  22 vault wardens
  A quicksilver elemental (Dis:1)
  17 rockslimes
  2 imperial myrmidons (Desolation)
  5 balrugs
  5 ghost moths
  6 deep elf sorcerers
  An emperor scorpion (Spider:4)
  5 deep elf elementalists (Elf:3)
  8 frost giants
  12 draconian shifters
  Louise (D:15)
  3 draconian stormcallers
  A ghoul (Crypt:1)
  8 quicksilver oozes
  3 cacodemons
  10 reapers
  A formless jellyfish (Vaults:4)
  19 ironbound preservers
  4 orc warlords
  A demonspawn corrupter (Pan)
  2 broodmothers
  A quicksilver ooze (shapeshifter) (Vaults:4)
  8 draconian annihilators
  14 stone giants
  A rockslime zombie (Crypt:1)
  6 very ugly things
  2 vampire knights
  6 deep elf demonologists (Elf:3)
  2 ironbound thunderhulks (Vaults:2)
  5 eleionomae
  9 deep elf annihilators
  3 demonspawn black suns (Pan)
  5 putrid mouths
  4 deep elf death magi
  18 black draconians
  2 spark wasps (Zot:2)
  A lorocyproca (Pan)
  13 green draconians
  12 yellow draconians
  12 white draconians
  2 bunyips
  12 red draconians
  2 war gargoyles
  6 blizzard demons
  12 dire elephants
  13 purple draconians
  5 iron golems
  A quicksilver dragon zombie (Crypt:1)
  4 jiangshi (Crypt:1)
  An eidolon (Crypt:1)
  An ettin (shapeshifter) (Depths:1)
  4 crystal guardians
  10 ettins
  2 green deaths
  An entropy weaver (Spider:1)
  A shambling mangrove (Swamp:1)
  10 yaktaur captains
  3 deep elf high priests
  Josephine (D:15)
  6 fire dragons
  An entropy weaver (shapeshifter) (Depths:4)
  11 great orbs of eyes
  35 vault guards
  9 ice dragons
  3 ragged hierophants (Desolation)
  13 hydras
  5 rakshasas
  6 peacekeepers
  2 radroaches
  4 servants of whispers
  A catoblepas (Lair:1)
  6 boulder beetles
  11 ironbound frosthearts
  11 alligators
  13 centaur warriors
  2 two-headed ogres
  27 dancing weapons
  2 spriggan air magi (Depths:1)
  4 deep troll shamans
  5 deep troll earth magi
  A bennu skeleton (Crypt:1)
  4 death knights
  4 tengu warriors
  8 death yaks
  An occultist (Depths:2)
  6 demonic crawlers
  5 spriggan berserkers
  6 vampire magi
  4 thrashing horrors (Abyss:6)
  A death scarab (Spider:4)
  15 deep elf knights
  An orc high priest (Orc:1)
  A shock serpent (shapeshifter) (Vaults:5)
  7 soul eaters
  14 sun demons
  A storm dragon zombie (Vaults:3)
  16 hell knights
  6 iron trolls
  A wretched star (Abyss:6)
  4 skeletal warriors (Crypt:1)
  A fire crab (shapeshifter) (D:15)
  3 skysharks
  A pharaoh ant (Spider:4)
  2 skysharks (shapeshifter)
  5 goliath frogs
  A shadow wraith (Vaults:5)
  A sixfirhy (Pan)
  3 flayed ghosts (Depths:2)
  A spriggan druid (Swamp:4)
  74 deep trolls
  12 arcanists
  A shadow demon (Pan)
  A spriggan simulacrum (Crypt:1)
  2 sun moths
  11 orb spiders
  9 swamp dragons
  7 bog bodies
  6 glowing orange brains
  An iron dragon zombie (Hell)
  5 lindwurms
  3 harpies (Vaults:2)
  16 ironbound convokers
  An anaconda skeleton (Hell)
  7 steelbarb worms
  4 phantasmal warriors
  10 necromancers
  3 deep elf archers
  3 large abominations (Pan)
  23 deep elf pyromancers
  A frost giant zombie (Vaults:3)
  19 deep elf zephyrmancers
  3 orc knights
  4 orc sorcerers
  56 ugly things
  24 wolf spiders
  5 will-o-the-wisps
  9 shining eyes
  A goliath frog skeleton (Crypt:1)
  3 cyclopes
  6 manticores
  4 kobold blastminers (Orc:2)
  A stone giant skeleton (Hell)
  9 elephants
  32 moths of wrath
  2 black mambas
  2 guardian serpents (Desolation)
  2 centaur zombies (Crypt:1)
  7 smoke demons
  4 eyes of devastation
  2 gargoyles (D:12)
  20 vault sentinels
  4 torpor snails
  A cane toad (shapeshifter) (D:9)
  A naga skeleton (Hell)
  An unseen horror (D:10)
  2 rime drakes (Swamp:4)
  A yaktaur zombie (Vaults:3)
  11 cane toads
  6 tormentors
  24 yaktaurs
  Maggie (D:7)
  A hellion (Hell)
  3 freezing wraiths
  7 komodo dragons
  An ice devil (Hell)
  An ancient zyme (Abyss:6)
  A guardian mummy (Crypt:1)
  A human skeleton (Vaults:3)
  6 starcursed masses (Abyss:6)
  A sea snake skeleton (Hell)
  A hellwing (Pan)
  2 polar bears
  5 tyrant leeches
  15 hornets
  7 trolls
  Grinder (D:4)
  Prince Ribbit (D:7)
  6 glass eyes
  30 tarantellas
  33 saltlings
  A harpy skeleton (Crypt:1)
  13 blink frogs
  A raiju (shapeshifter) (Vaults:5)
  An ettin zombie (Vaults:3)
  A culicivora (shapeshifter) (Vaults:5)
  2 air elementals
  86 slime creatures
  9 spriggans
  3 shadows (D:9)
  10 wraiths
  16 culicivoras
  36 jumping spiders
  3 ynoxinuls (Pan)
  61 yaks
  6 wyverns
  3 basilisks
  9 golden eyes
  2 hogs (D:12)
  3 fire elementals
  2 wargs
  Eustachio (D:4)
  A steam dragon (D:8)
  4 vampire mosquitoes
  A tyrant leech zombie (Crypt:1)
  A chaos spawn (Pan)
  3 neqoxecs
  51 redbacks
  A redback (shapeshifter) (Vaults:5)
  19 swamp worms
  A spatial vortex (Abyss:6)
  2 swamp worms (shapeshifter)
  A harpy simulacrum (Hell)
  An acid dragon (D:11)
  A hydra simulacrum (Hell)
  14 water moccasins
  A glowing shapeshifter skeleton (Crypt:1)
  10 swamp drakes
  5 black bears
  3 ice beasts
  25 orc warriors
  2 sky beasts (D:7)
  4 laughing skulls
  6 ogres
  8 centaurs
  5 wolves (Lair:5)
  A phantom (D:5)
  5 kobold brigands
  8 bullfrogs
  A gnoll sergeant (D:9)
  3 scorpions
  3 earth elementals
  A scorpion (shapeshifter) (Elf:3)
  15 wights
  2 killer bees (D:9)
  6 electric eels
  5 howler monkeys
  2 bombardier beetles
  3 jellies (Lair:5)
  A gnoll bouda (D:8)
  A hound (D:5)
  14 orc priests
  A black bear skeleton (Crypt:1)
  4 iguanas
  23 orc wizards
  4 hell rats
  4 gnolls (D:9)
  2 adders
  A shadow imp (D:6)
  2 white imps
  A howler monkey simulacrum (D:9)
  4 ufetubi
  An iguana skeleton (Crypt:1)
  A dart slug (D:3)
  4 ribbon worms
  42 orcs
  5 bats
  6 endoplasms
  2 giant cockroaches
  7 hobgoblins
  2 quokkas
  2 ball pythons
  3 frilled lizards
  7 goblins
  14 kobolds
  5 rats
  2 fire vortices (Hell)
2112 creatures vanquished.

Vanquished Creatures (collateral kills)
  Tiamat (Zot:1)
  An ancient lich (Zot:5)
  Norris (Vaults:4)
  The ghost of Onkach the Warrior, an adept DjEn (Vaults:3)
  An electric golem (Zot:5)
  A tentacled monstrosity (Zot:3)
  An acid blob (Slime:5)
  A quicksilver dragon (Vaults:5)
  An Executioner (Pan)
  A rockslime (Slime:5)
  An imperial myrmidon (Desolation)
  2 emperor scorpions (Spider:4)
  An iron dragon (Vaults:5)
  2 ghost moths (Pan)
  A draconian annihilator (Zot:1)
  An ironbound preserver (Vaults:4)
  An ironbound thunderhulk (Vaults:1)
  A black draconian (Zot:1)
  A green draconian (Zot:3)
  A red draconian (Zot:3)
  A white draconian (Zot:1)
  A yellow draconian (Zot:3)
  A crystal guardian (Desolation)
  Snorg (D:13)
  3 ragged hierophants (Desolation)
  An entropy weaver (Vaults:1)
  The ghost of Coanextu the Cleaver, a journeyman HOFi of Beogh (D:13)
  A yaktaur captain (Vaults:5)
  3 hydras
  A vault guard (Vaults:1)
  4 peacekeepers (Desolation)
  A servant of whispers (Desolation)
  A centaur warrior (D:9)
  2 alligators (Swamp:3)
  2 two-headed ogres
  An ironbound frostheart (Vaults:3)
  A catoblepas (Lair:5)
  A deep troll shaman (Lair:5)
  2 boulder beetles
  3 dancing weapons (Elf:2)
  2 orc high priests (Orc:2)
  A pharaoh ant (Spider:2)
  2 deep trolls
  A shadow demon (Pan)
  2 arcanists
  4 orb spiders
  A lindwurm (Vaults:1)
  4 ironbound convokers
  4 deep elf zephyrmancers
  An orc knight (Orc:2)
  8 ugly things
  An orc sorcerer (Orc:2)
  2 wolf spiders (Spider:1)
  A large abomination (Pan)
  Maurice (Orc:2)
  2 moths of wrath
  A black mamba (Lair:1)
  2 cyclopes
  A meliai (D:9)
  A vault sentinel (Vaults:3)
  A guardian serpent (Desolation)
  3 torpor snails
  A gargoyle (D:14)
  2 smoke demons (Pan)
  A rime drake (Lair:4)
  A yaktaur (Vaults:1)
  3 hornets (Spider:4)
  A tarantella (Spider:2)
  A glass eye (Slime:4)
  13 saltlings (Desolation)
  7 jumping spiders
  13 slime creatures
  3 culicivoras (Spider:2)
  A wyvern (D:9)
  A shadow (D:9)
  A basilisk (D:9)
  3 wargs
  4 golden eyes (Slime:4)
  10 yaks
  A neqoxec (Pan)
  8 redbacks
  A swamp worm (Swamp:3)
  An acid dragon (D:11)
  8 orc warriors
  A swamp drake (Swamp:4)
  An ogre (Orc:2)
  A centaur (D:10)
  4 bullfrogs
  3 electric eels (Lair:4)
  A jelly (Lair:5)
  10 orc priests
  2 iguanas (Lair:2)
  5 orc wizards
  A hell rat (Depths:1)
  29 orcs
  2 endoplasms (Lair:5)
245 creatures vanquished.

Vanquished Creatures (others)
  A death cob (Zot:5)
  Kirke (D:12)
  2 draconian knights
  An ironbound preserver (Vaults:5)
  A blizzard demon (Zot:3)
  A hydra (Swamp:4)
  A stoker (Hell)
  A dancing weapon (Elf:2)
  A swamp dragon (Swamp:4)
  4 deep elf zephyrmancers
  A yaktaur (Vaults:5)
  A rime drake (Swamp:4)
  A bloated husk (Swamp:2)
  A hornet (Spider:4)
  An air elemental (Elf:1)
  4 slime creatures
  A human (D:13)
  A redback (Spider:2)
  A water moccasin (D:7)
  A frilled lizard skeleton (Crypt:1)
  21 foxfires
  A lurking horror (Abyss:6)
  4 starspawn tentacles (Abyss:6)
53 creatures vanquished.

Grand Total: 2410 creatures vanquished

Notes
Turn   | Place    | Note
-------+----------+-------------------------------------------
     0 | D:1      | Asceticacid the Gnoll Fighter began the quest for the Orb.
     0 | D:1      | Reached XP level 1. HP: 23/23 MP: 1/1
   118 | D:1      | Reached XP level 2. HP: 29/29 MP: 2/2
   521 | D:2      | You fall into a shaft and drop 1 floor!
   604 | D:2      | Reached XP level 3. HP: 33/35 MP: 3/3
   784 | D:2      | Reached skill level 1 in Invocations
  1176 | D:3      | Found a hazy altar of Hepliaklqana.
  1223 | D:3      | Reached skill level 1 in Short Blades
  1223 | D:3      | Reached skill level 1 in Long Blades
  1223 | D:3      | Reached skill level 1 in Axes
  1223 | D:3      | Reached skill level 1 in Polearms
  1223 | D:3      | Reached skill level 1 in Staves
  1223 | D:3      | Reached skill level 1 in Ranged Weapons
  1223 | D:3      | Reached skill level 1 in Throwing
  1223 | D:3      | Reached skill level 1 in Dodging
  1223 | D:3      | Reached skill level 1 in Stealth
  1223 | D:3      | Reached skill level 1 in Unarmed Combat
  1223 | D:3      | Reached skill level 1 in Spellcasting
  1223 | D:3      | Reached skill level 1 in Evocations
  1270 | D:3      | Found Apiufelo's Magic Scroll Shop.
  1283 | D:3      | Bought a scroll of identify for 28 gold pieces
  1283 | D:3      | Bought a scroll of teleportation for 42 gold pieces
  1283 | D:3      | Bought a scroll of teleportation for 42 gold pieces
  1819 | D:4      | Found a staircase to the Ecumenical Temple.
  1820 | D:4      | Noticed Eustachio
  1840 | Temple   | Entered the Ecumenical Temple
  1847 | Temple   | Became a worshipper of Makhleb the Destroyer
  1971 | D:4      | Killed Eustachio
  1972 | D:4      | Reached skill level 1 in Conjurations
  1972 | D:4      | Reached skill level 1 in Hexes
  1972 | D:4      | Reached skill level 1 in Summonings
  1972 | D:4      | Reached skill level 1 in Necromancy
  1972 | D:4      | Reached skill level 1 in Translocations
  1972 | D:4      | Reached skill level 1 in Fire Magic
  1972 | D:4      | Reached skill level 1 in Ice Magic
  1972 | D:4      | Reached skill level 1 in Air Magic
  1972 | D:4      | Reached skill level 1 in Earth Magic
  1972 | D:4      | Reached skill level 1 in Alchemy
  1972 | D:4      | Reached skill level 1 in Shapeshifting
  1972 | D:4      | Reached XP level 4. HP: 24/41 MP: 4/6
  1972 | D:4      | Reached XP level 5. HP: 27/47 MP: 4/7
  2314 | D:4      | Reached XP level 6. HP: 53/53 MP: 8/8
  2330 | D:4      | Noticed Grinder
  2346 | D:4      | Paralysed by Grinder for 5 turns
  2356 | D:4      | Killed Grinder
  2357 | D:4      | Reached skill level 5 in Maces & Flails
  2751 | D:5      | Entered Level 5 of the Dungeon
  2799 | D:5      | Noticed a black bear
  2851 | D:5      | Noticed a water moccasin
  3110 | D:5      | Noticed an ice beast
  3216 | D:6      | Reached skill level 7 in Shields
  3216 | D:6      | Reached XP level 7. HP: 60/60 MP: 10/10
  3242 | D:6      | Identified the +2 ring mail of Greater Demons {rF+ Dex+2}
  4135 | D:7      | Reached * piety under Makhleb
  4244 | D:7      | Reached XP level 8. HP: 66/67 MP: 12/12
  4929 | D:7      | Noticed Prince Ribbit
  5132 | D:8      | Noticed a yak
  5323 | D:5      | Reached XP level 9. HP: 50/73 MP: 13/15
  5918 | D:5      | Found a glowing silver altar of Zin.
  5918 | D:5      | Found an iron altar of Okawaru.
  6165 | D:7      | Identified a scroll of acquirement
  6165 | D:7      | Acquired the ring of Sif Muna, Wizarding {rPois MP+9 Int+3}
  6650 | D:7      | Noticed Maggie
  6662 | D:7      | Killed Maggie
  6662 | D:7      | Reached ** piety under Makhleb
  6663 | D:7      | Reached skill level 8 in Shields
  6663 | D:7      | Reached skill level 5 in Invocations
  6723 | D:7      | Killed Prince Ribbit
  7101 | D:8      | Noticed a two-headed ogre
  7126 | D:8      | Killed a two-headed ogre
  7127 | D:8      | Reached skill level 5 in Short Blades
  7127 | D:8      | Reached skill level 5 in Long Blades
  7127 | D:8      | Reached skill level 5 in Axes
  7127 | D:8      | Reached skill level 5 in Polearms
  7127 | D:8      | Reached skill level 5 in Staves
  7127 | D:8      | Reached skill level 5 in Ranged Weapons
  7127 | D:8      | Reached skill level 5 in Throwing
  7127 | D:8      | Reached skill level 5 in Dodging
  7127 | D:8      | Reached skill level 5 in Stealth
  7127 | D:8      | Reached skill level 5 in Unarmed Combat
  7127 | D:8      | Reached skill level 5 in Spellcasting
  7127 | D:8      | Reached skill level 5 in Evocations
  7127 | D:8      | Reached XP level 10. HP: 74/82 MP: 17/17
  7409 | D:8      | Reached skill level 5 in Shapeshifting
  7549 | D:8      | Found a snail-covered altar of Cheibriados.
  7799 | D:9      | Found a runed translucent door.
  7799 | D:9      | Noticed a two-headed ogre
  7799 | D:9      | Noticed a meliai
  7820 | D:9      | Found a transporter.
  7823 | D:9      | Found a transporter.
  8022 | D:9      | Noticed a two-headed ogre
  8037 | D:9      | Killed a two-headed ogre
  8038 | D:9      | Reached skill level 9 in Shields
  8038 | D:9      | Reached skill level 5 in Conjurations
  8038 | D:9      | Reached skill level 5 in Hexes
  8038 | D:9      | Reached skill level 5 in Summonings
  8038 | D:9      | Reached skill level 5 in Necromancy
  8038 | D:9      | Reached skill level 5 in Translocations
  8038 | D:9      | Reached skill level 5 in Fire Magic
  8038 | D:9      | Reached skill level 5 in Ice Magic
  8038 | D:9      | Reached skill level 5 in Air Magic
  8038 | D:9      | Reached skill level 5 in Earth Magic
  8038 | D:9      | Reached skill level 5 in Alchemy
  8110 | D:9      | Reached XP level 11. HP: 81/89 MP: 20/20
  8171 | D:9      | Found a transporter.
  8174 | D:9      | Found a transporter.
  8290 | D:9      | Reached *** piety under Makhleb
  8475 | D:9      | Identified the +1 falchion of Discomfort {holy, rPois
                  | Str+3}
  8906 | D:9      | Learned a level 3 spell: Teleport Other
  8985 | D:9      | Noticed an arcanist
  9006 | D:9      | Noticed a boulder beetle
  9011 | D:9      | Killed an arcanist
  9021 | D:9      | Killed a boulder beetle
  9028 | D:9      | Noticed a centaur warrior
  9038 | D:9      | Killed a centaur warrior
  9043 | D:9      | Noticed a centaur warrior
  9053 | D:9      | Killed a centaur warrior
  9066 | D:9      | Noticed a four-headed hydra
  9220 | D:9      | Killed a four-headed hydra
  9221 | D:9      | Reached XP level 12. HP: 77/97 MP: 22/22
  9370 | D:9      | Identified the +3 plate armour of Opnojutz {rF+}
  9412 | D:9      | Noticed a five-headed hydra
  9418 | D:9      | Killed a six-headed hydra
  9534 | D:9      | Identified the amulet of Soig {Acrobat rF+ Int+6 Stlth-}
  9639 | D:9      | Found a transporter.
  9640 | D:9      | Found a transporter.
  9703 | D:9      | Found a staircase to the Lair.
  9980 | D:9      | Found a shimmering blue altar of Sif Muna.
  9981 | D:9      | Found a hide-covered altar of Uskayaw.
 10125 | D:9      | Reached skill level 10 in Fighting
 10125 | D:9      | Reached skill level 10 in Armour
 10125 | D:9      | Reached skill level 10 in Shields
 10134 | D:9      | Killed a two-headed ogre
 10197 | D:10     | Entered Level 10 of the Dungeon
 10220 | D:10     | Found a staircase to the Orcish Mines.
 10329 | D:10     | Acquired 724 gold pieces
 10416 | D:10     | Found a bloodstained altar of Trog.
 10416 | D:10     | Found a sacrificial altar of Ru.
 11145 | D:11     | Noticed a two-headed ogre
 11152 | D:11     | Killed a two-headed ogre
 11741 | Orc:1    | Entered Level 1 of the Orcish Mines
 12002 | Orc:1    | Found Omuihaol's Distillery.
 12196 | D:3      | Bought 2 scrolls of poison for 112 gold pieces
 12196 | D:3      | Bought a scroll of summoning for 133 gold pieces
 12389 | Orc:1    | Bought a potion of heal wounds for 75 gold pieces
 12389 | Orc:1    | Bought a potion of curing for 45 gold pieces
 12389 | Orc:1    | Bought a potion of might for 60 gold pieces
 12389 | Orc:1    | Bought a potion of might for 60 gold pieces
 12389 | Orc:1    | Gained mutation: You have a pair of small horns on your
                  | head. [potion of mutation]
 12390 | Orc:1    | Lost mutation: You have a pair of small horns on your head.
                  | [potion of mutation]
 12390 | Orc:1    | Gained mutation: You are agile. (Dex +4, Str/Int -1)
                  | [potion of mutation]
 12390 | Orc:1    | Gained mutation: You have a pair of small horns on your
                  | head. [potion of mutation]
 12390 | Orc:1    | Gained mutation: You are partially covered in iridescent
                  | scales. (AC +2) [potion of mutation]
 12390 | Orc:1    | Gained mutation: Your flesh is cold resistant. (rC+)
                  | [potion of mutation]
 12431 | Orc:2    | Entered Level 2 of the Orcish Mines
 12463 | Orc:2    | Noticed an orc warlord
 12473 | Orc:2    | Noticed an orc high priest
 12866 | Orc:1    | Killed an orc high priest
 12867 | Orc:1    | Reached XP level 13. HP: 104/104 MP: 25/25
 12897 | Orc:2    | Killed an orc warlord
 13397 | Orc:2    | Found a staircase to the Elven Halls.
 13430 | Orc:2    | Noticed Maurice
 13496 | Orc:2    | Killed Maurice
 14301 | Orc:2    | Noticed an orc warlord
 14563 | Orc:2    | Found Uroblizo's General Store.
 14571 | Orc:2    | Bought a potion of heal wounds for 65 gold pieces
 14571 | Orc:2    | Bought a scroll of blinking for 97 gold pieces
 14665 | Orc:2    | Killed an orc warlord
 14722 | Orc:2    | Found Vaynkos's Antique Armour Emporium.
 14724 | Orc:2    | Found Vaopeemey's Antique Weapon Shoppe.
 14737 | Orc:2    | Bought a pair of glowing gloves for 255 gold pieces
 14808 | Orc:2    | Found Otre's Antique Armour Shoppe.
 14840 | Orc:2    | Bought the +3 pair of mountain boots {steadfast, rC+} for
                  | 837 gold pieces
 14840 | Orc:2    | Found the +3 pair of mountain boots {steadfast, rC+}
 14910 | D:9      | Reached **** piety under Makhleb
 14939 | Lair:1   | Entered Level 1 of the Lair of Beasts
 15075 | Lair:1   | Reached skill level 10 in Maces & Flails
 15075 | Lair:1   | Reached skill level 11 in Shields
 15728 | Lair:1   | Reached XP level 14. HP: 101/113 MP: 27/27
 15742 | Lair:1   | Reached skill level 10 in Invocations
 16810 | Lair:2   | Found a staircase to the Swamp.
 18320 | Lair:3   | Found a hole to the Spider Nest.
 19030 | Lair:4   | Found a sacrificial altar of Ru.
 19877 | Lair:4   | Learned a level 2 spell: Blink
 19913 | Lair:5   | Entered Level 5 of the Lair of Beasts
 20051 | Lair:5   | Noticed Scrimshaw's ghost (journeyman OpSh)
 20229 | Lair:5   | Found a staircase to the Slime Pits.
 20239 | Lair:5   | Reached ***** piety under Makhleb
 20601 | Lair:5   | Reached skill level 10 in Short Blades
 20601 | Lair:5   | Reached skill level 10 in Long Blades
 20601 | Lair:5   | Reached skill level 10 in Axes
 20601 | Lair:5   | Reached skill level 10 in Polearms
 20601 | Lair:5   | Reached skill level 10 in Staves
 20601 | Lair:5   | Reached skill level 10 in Ranged Weapons
 20601 | Lair:5   | Reached skill level 10 in Throwing
 20601 | Lair:5   | Reached skill level 10 in Dodging
 20601 | Lair:5   | Reached skill level 10 in Stealth
 20601 | Lair:5   | Reached skill level 10 in Unarmed Combat
 20601 | Lair:5   | Reached skill level 10 in Spellcasting
 20601 | Lair:5   | Reached skill level 10 in Evocations
 20898 | Lair:5   | Reached XP level 15. HP: 99/120 MP: 29/29
 21218 | Lair:5   | Reached skill level 12 in Shields
 21408 | Lair:5   | Found a transporter.
 21411 | Lair:5   | Found a transporter.
 21817 | Spider:1 | Entered Level 1 of the Spider Nest
 25692 | Spider:2 | Killed a ghost moth
 26248 | D:12     | Noticed Frances
 26273 | D:12     | Killed Frances
 26418 | D:12     | Found Pezuif's Distillery.
 26483 | D:12     | Bought a potion of invisibility for 112 gold pieces
 26483 | D:12     | Bought a potion of might for 56 gold pieces
 26483 | D:12     | Bought a potion of curing for 42 gold pieces
 26516 | D:12     | Reached skill level 10 in Shapeshifting
 27018 | D:12     | Found an ornate altar of the Wu Jian Council.
 27050 | D:12     | Identified the +0 leather armour "Kinlymud" {Rampage
                  | *Corrode rPois Regen+}
 27223 | D:12     | Reached XP level 16. HP: 117/129 MP: 30/30
 27526 | D:13     | Noticed Kirke
 27539 | D:12     | Noticed a sphinx
 27554 | D:12     | Killed Kirke
 27831 | D:13     | Noticed Snorg
 27849 | D:13     | Killed Snorg
 27988 | D:13     | Found a runed translucent gate.
 27989 | D:13     | Found a runed translucent gate.
 27990 | D:13     | Noticed Coanextu's ghost (journeyman HOFi)
 27991 | D:13     | Found a runed translucent gate.
 27991 | D:13     | Identified the +8 chain mail of the Tick {+Inv rF+ Str+5
                  | Dex-4}
 28263 | D:13     | Found a gate to the Vaults.
 28760 | D:13     | Killed Coanextu's ghost
 29862 | D:15     | Entered Level 15 of the Dungeon
 30302 | D:15     | Found a white marble altar of Elyvilon.
 30437 | D:15     | Noticed Louise
 30441 | D:15     | Killed Louise
 30442 | D:15     | Reached skill level 13 in Shields
 30512 | D:15     | Noticed Josephine
 30528 | D:15     | Killed Josephine
 30622 | D:15     | Found a glowing golden altar of the Shining One.
 30862 | D:15     | Found a staircase to the Depths.
 31406 | Swamp:1  | Entered Level 1 of the Swamp
 33776 | Spider:4 | Entered Level 4 of the Spider Nest
 34210 | Spider:3 | Lost mutation: You are agile. (Dex +4, Str/Int -1)
                  | [mutagenic glow]
 34439 | Spider:3 | Reached XP level 17. HP: 112/137 MP: 32/32
 35003 | Spider:4 | Reached skill level 10 in Conjurations
 35003 | Spider:4 | Reached skill level 10 in Hexes
 35003 | Spider:4 | Reached skill level 10 in Summonings
 35003 | Spider:4 | Reached skill level 10 in Necromancy
 35003 | Spider:4 | Reached skill level 10 in Translocations
 35003 | Spider:4 | Reached skill level 10 in Fire Magic
 35003 | Spider:4 | Reached skill level 10 in Ice Magic
 35003 | Spider:4 | Reached skill level 10 in Air Magic
 35003 | Spider:4 | Reached skill level 10 in Earth Magic
 35003 | Spider:4 | Reached skill level 10 in Alchemy
 35013 | Spider:4 | Identified the +4 ring mail "Pihuvu" {+Blink rCorr Int+5
                  | Dex-4}
 35974 | Spider:4 | Lost mutation: Your flesh is cold resistant. (rC+) [potion
                  | of mutation]
 35974 | Spider:4 | Lost mutation: You have a pair of small horns on your head.
                  | [potion of mutation]
 35974 | Spider:4 | Gained mutation: You have a pair of small antennae on your
                  | head. [potion of mutation]
 35974 | Spider:4 | Gained mutation: Your muscles are strong. (Str +4, Int/Dex
                  | -1) [potion of mutation]
 38029 | Spider:4 | Identified the orb "Guudidum" {*channel, Will+ MP-9 Air}
 38064 | Spider:4 | Got a gossamer rune of Zot
 38345 | Vaults:1 | Entered Level 1 of the Vaults
 38376 | Vaults:1 | Found a crumbling gateway.
 38381 | Desolati | Entered the Desolation of Salt
 38702 | Desolati | HP: 3/138 [ragged hierophant/a resonance strike (19)]
 39428 | Desolati | Identified the +1 pair of gloves of Analysis {Dex+5}
 39434 | Desolati | Identified the +5 scale mail of the Cockroach {Harm Slay+3
                  | Stlth+}
 39439 | Desolati | Identified the staff of Valiance {MP+9 Dex-4 Stlth+ Fire
                  | Earth}
 39902 | Desolati | Identified the ring of Xiud {rPois rN+ Int+3}
 40041 | Desolati | Reached skill level 14 in Shields
 40041 | Desolati | Reached XP level 18. HP: 146/146 MP: 34/34
 40889 | Desolati | Got the Almanac of Destruction
 40891 | Desolati | Got the Volume of Toxins
 44401 | Vaults:2 | Found Zediatet's Distillery.
 44406 | Vaults:2 | Bought a potion of curing for 57 gold pieces
 44406 | Vaults:2 | Bought a potion of invisibility for 152 gold pieces
 44424 | Vaults:2 | Reached XP level 19. HP: 152/153 MP: 36/36
 45397 | Vaults:2 | Found Sarof's Antique Armour Boutique.
 45405 | Vaults:2 | Bought a fine kite shield for 323 gold pieces
 45405 | Vaults:2 | Identified the +1 kite shield "Kiof Vyb" {+Inv} (You bought
                  | it in a shop on level 2 of the Vaults)
 45425 | Vaults:2 | Found Syer Put's General Store.
 45432 | Vaults:2 | Bought a scroll of teleportation for 33 gold pieces
 45432 | Vaults:2 | Bought a scroll of summoning for 104 gold pieces
 45432 | Vaults:2 | Bought a scroll of summoning for 104 gold pieces
 45472 | Vaults:2 | Found Kioton's General Store.
 45566 | Vaults:2 | Found Vama's Jewellery Shop.
 45612 | Vaults:2 | Identified the +8 chain mail "Xoskiol" {+Blink rPois Str+2}
 46845 | Vaults:3 | Reached skill level 15 in Fighting
 46845 | Vaults:3 | Reached skill level 15 in Armour
 46845 | Vaults:3 | Reached skill level 15 in Shields
 47055 | Vaults:3 | Found a runed translucent door.
 47055 | Vaults:3 | Noticed Onkach's ghost (adept DjEn)
 48291 | Vaults:3 | Reached skill level 15 in Invocations
 49024 | Vaults:3 | Reached XP level 20. HP: 162/162 MP: 37/37
 49097 | Vaults:3 | Reached ****** piety under Makhleb
 49513 | Vaults:3 | Found a staircase to the Crypt.
 49712 | Vaults:3 | Killed Onkach's ghost
 50110 | Vaults:4 | Noticed Norris
 50458 | Vaults:4 | Killed Norris
 51188 | Vaults:4 | Reached skill level 15 in Maces & Flails
 51809 | Vaults:4 | Found Kafehi's Armour Emporium.
 51902 | Vaults:4 | Paralysed by a formless jellyfish for 1 turns
 52117 | Vaults:5 | Entered Level 5 of the Vaults
 52302 | Elf:1    | Entered Level 1 of the Elven Halls
 52318 | Elf:1    | Found a radiant altar of Vehumet.
 52346 | Elf:1    | Paralysed by an air elemental for 1 turns
 52728 | Elf:1    | Paralysed by an air elemental for 1 turns
 53042 | Elf:1    | Noticed Asterion
 53059 | Elf:1    | Killed Asterion
 53245 | Elf:1    | Reached XP level 21. HP: 164/170 MP: 39/39
 53547 | Elf:1    | Found Tuarick's General Store.
 54344 | Elf:2    | Paralysed by an air elemental for 1 turns
 54349 | Elf:2    | Paralysed by an air elemental for 1 turns
 54435 | Elf:2    | Found a runed translucent gate.
 54437 | Elf:2    | Found a runed translucent gate.
 54437 | Elf:2    | Found a runed translucent gate.
 54898 | Elf:2    | Reached skill level 16 in Shields
 56490 | Elf:3    | Entered Level 3 of the Elven Halls
 56880 | Elf:3    | Identified the amulet of Darkness {Acrobat Rampage ^Fragile
                  | rElec Str+3}
 56911 | Elf:3    | Reached skill level 15 in Short Blades
 56911 | Elf:3    | Reached skill level 15 in Long Blades
 56911 | Elf:3    | Reached skill level 15 in Axes
 56911 | Elf:3    | Reached skill level 15 in Polearms
 56911 | Elf:3    | Reached skill level 15 in Staves
 56911 | Elf:3    | Reached skill level 15 in Ranged Weapons
 56911 | Elf:3    | Reached skill level 15 in Throwing
 56911 | Elf:3    | Reached skill level 15 in Dodging
 56911 | Elf:3    | Reached skill level 15 in Stealth
 56911 | Elf:3    | Reached skill level 15 in Unarmed Combat
 56911 | Elf:3    | Reached skill level 15 in Spellcasting
 56911 | Elf:3    | Reached skill level 15 in Evocations
 56911 | Abyss:3  | Cast into level 3 of the Abyss (a deep elf sorcerer)
 56924 | Abyss:3  | Found a corrupted altar of Lugonu.
 56944 | Elf:3    | Escaped the Abyss
 56970 | Elf:3    | Identified the +3 halberd of Freehold {flame, Str+3}
 57134 | Elf:3    | Identified the +0 spear "Uxudumig" {antimagic, +Blink rPois
                  | rF- Int+8}
 57150 | Elf:3    | Identified the +1 quarterstaff "Tah Uso" {drain, rC+ Will+}
 57480 | Elf:3    | Learned a level 5 spell: Yara's Violent Unravelling
 57483 | Elf:3    | Learned a level 2 spell: Ensorcelled Hibernation
 57488 | Elf:3    | Learned a level 4 spell: Olgreb's Toxic Radiance
 57509 | Elf:3    | Identified the ring of Zaividgh {rF+ rN+ Dex+3}
 57779 | Elf:3    | Found the -2 hat of the Alchemist {rElec rPois rF+ rC+ rN+
                  | Will+ rMut rCorr}
 57856 | Elf:3    | Identified the +8 fire dragon scales of the Soldier {rF++
                  | rC- Str+4 Slay+2}
 57888 | Elf:3    | Learned a level 6 spell: Plasma Beam
 57953 | Elf:3    | Got the Quarto of Collective Ceraunoscopy
 58856 | Swamp:1  | Reached XP level 22. HP: 179/179 MP: 41/41
 59017 | Swamp:1  | Noticed Roxanne
 59047 | Swamp:1  | Killed Roxanne
 59568 | Swamp:2  | Learned a level 5 spell: Lee's Rapid Deconstruction
 60818 | Swamp:4  | Entered Level 4 of the Swamp
 60892 | Swamp:4  | Noticed the 27-headed Lernaean hydra
 61416 | Swamp:4  | Got a decaying rune of Zot
 61468 | Swamp:4  | Reached skill level 17 in Shields
 61599 | Swamp:4  | Killed the 27-headed Lernaean hydra
 61990 | Slime:1  | Entered Level 1 of the Pits of Slime
 64638 | Slime:5  | Entered Level 5 of the Pits of Slime
 64656 | Slime:5  | Noticed Dissolution
 64784 | Slime:4  | Killed Dissolution
 65016 | Slime:5  | Reached XP level 23. HP: 187/187 MP: 42/42
 65711 | Slime:5  | Noticed the Royal Jelly
 65715 | Slime:5  | Gained mutation: [You occasionally lose the ability to
                  | drink potions when taking damage.] [a shining eye]
 65719 | Slime:5  | Gained mutation: Your spells are a little easier to cast,
                  | but a little less powerful. [a shining eye]
 66086 | Slime:4  | Reached skill level 18 in Shields
 66355 | Slime:5  | Found a viscous altar of Jiyva.
 66486 | Slime:5  | Killed the Royal Jelly
 66807 | Slime:5  | Paralysed by a formless jellyfish for 1 turns
 67043 | Slime:5  | Gained mutation: Your system is resistant to poisons.
                  | (rPois) [a shining eye]
 67135 | Slime:5  | Got the Parchment of Accelerants and Conflict
 67146 | Slime:5  | Got a slimy rune of Zot
 67207 | Slime:5  | Identified the amulet "Dejem" {Acrobat +Blink rPois}
 67234 | Slime:5  | Identified the +8 great sword of Biheicatz {freeze, rCorr
                  | Dex+3}
 67261 | Slime:5  | Identified the ring "Herome" {Ice rCorr}
 67274 | Slime:5  | Identified the +4 flail "Arbiter" {drain, rPois rC++ Will+
                  | Str-2}
 68005 | Depths:1 | Entered Level 1 of the Depths
 68005 | Depths:1 | Found a gateway to Hell.
 68011 | Depths:1 | Identified the +2 robe of Oblivion {rCorr Str-4 Int+4}
 68011 | Depths:1 | Noticed Boris
 68166 | Depths:1 | Killed Boris
 68206 | Depths:1 | Found Wuning's Jewellery Emporium.
 68239 | Depths:1 | Found Diraeq's Book Shoppe.
 68239 | Depths:1 | Found Amoinl Feto's Distillery.
 68247 | Depths:1 | Found Cagyiz's Assorted Antiques.
 68250 | Depths:1 | Bought a potion of magic for 136 gold pieces
 68250 | Depths:1 | Bought a potion of might for 68 gold pieces
 68259 | Depths:1 | Bought a scroll of teleportation for 138 gold pieces
 68323 | Depths:1 | Found an opulent altar of Gozag.
 68420 | Depths:1 | Reached skill level 15 in Shapeshifting
 68453 | Depths:1 | Noticed Mara
 68475 | Depths:1 | Killed Mara
 68780 | Depths:1 | Identified the +5 short sword of Sakkitat {drain, *Noise
                  | rPois rC+ rN+++}
 69005 | Depths:1 | Noticed Nikola
 69016 | Depths:1 | Killed Nikola
 69151 | Depths:1 | Found a one-way gate leading to the halls of Pandemonium.
 69745 | Depths:2 | Found a one-way gate to the infinite horrors of the Abyss.
 70601 | Depths:3 | Found the +8 Wrath of Trog {antimagic, *Rage Rampage}
 70977 | Depths:3 | Reached XP level 24. HP: 181/197 MP: 39/43
 71063 | Depths:3 | Found Acuqeuq's Magic Scroll Boutique.
 71071 | Depths:3 | Bought a scroll of blinking for 150 gold pieces
 71433 | Depths:3 | Found the +6 Majin-Bo {spellvamp, MP+6 Int+6}
 71438 | Depths:3 | Reached skill level 19 in Shields
 72049 | Depths:4 | Entered Level 4 of the Depths
 72157 | Depths:4 | Found a transporter.
 72263 | Depths:4 | Identified the +1 giant spiked club of the Three Visions
                  | {heavy, rC+ Str+4}
 72727 | Depths:4 | Found a transporter.
 72731 | Depths:4 | Identified the +1 great mace of a Billion Ears {flame,
                  | rPois rCorr Str-2 Int+4}
 72733 | Depths:4 | Noticed Fiun's ghost (veteran GnWn)
 73077 | Depths:4 | Found a one-way gateway to a ziggurat.
 73200 | Depths:4 | Found a portal to a secret trove of treasure.
 73262 | Depths:4 | Found a gate to the Realm of Zot.
 73884 | Depths:4 | Upgraded the game from 0.32-a0-163-g159c032296 to
                  | 0.32-a0-329-ge6c31236d6
 73906 | Zot:1    | Entered Level 1 of the Realm of Zot
 74727 | Zot:1    | Noticed Parghit
 74753 | Zot:1    | Killed Parghit
 75717 | Vaults:2 | Bought the ring of Nairim {Will+ Str+3 Dex+6} for 1098 gold
                  | pieces
 75717 | Vaults:2 | Bought the amulet "Daugazah" {rC+ rN+ Regen+ Int+3 Stlth+}
                  | for 1146 gold pieces
 75995 | Vaults:4 | Reached skill level 20 in Shields
 76039 | Vaults:4 | Reached XP level 25. HP: 144/204 MP: 44/44
 76186 | Vaults:5 | Noticed an ancient lich
 76212 | Vaults:5 | Killed an ancient lich
 76422 | Vaults:5 | Identified the +0 pair of gloves "Halez" {Dex+3 Stlth+}
 76534 | Vaults:5 | Identified the +0 morningstar "Dyesom" {drain, rC+ rN+
                  | SInv}
 76615 | Vaults:5 | Noticed an ancient lich
 76629 | Vaults:5 | Killed an ancient lich
 77186 | Vaults:5 | Reached skill level 15 in Conjurations
 77186 | Vaults:5 | Reached skill level 15 in Hexes
 77186 | Vaults:5 | Reached skill level 15 in Summonings
 77186 | Vaults:5 | Reached skill level 15 in Necromancy
 77186 | Vaults:5 | Reached skill level 15 in Translocations
 77186 | Vaults:5 | Reached skill level 15 in Fire Magic
 77186 | Vaults:5 | Reached skill level 15 in Ice Magic
 77186 | Vaults:5 | Reached skill level 15 in Air Magic
 77186 | Vaults:5 | Reached skill level 15 in Earth Magic
 77186 | Vaults:5 | Reached skill level 15 in Alchemy
 77270 | Vaults:5 | Identified the ring of Sin {Fire rN+ Str+2 Stlth-}
 77419 | Vaults:5 | Got a silver rune of Zot
 77545 | Vaults:5 | Identified the +0 scale mail of Noeprof {+Blink rF+ Slay+3}
 77786 | Crypt:1  | Entered Level 1 of the Crypt
 78870 | Hell     | Entered the Vestibule of Hell
 78870 | Hell     | Noticed Geryon
 79232 | Depths:1 | Reached skill level 21 in Shields
 79352 | Depths:1 | Reached XP level 26. HP: 198/212 MP: 44/44
 80147 | Hell     | Killed Geryon
 80602 | Hell     | Found a gateway to the decaying netherworld of Tartarus.
 80975 | Hell     | Found a gateway to the ashen valley of Gehenna.
 81065 | Hell     | Found a gateway to the Iron City of Dis.
 81243 | Dis:1    | Entered Level 1 of the Iron City of Dis
 82145 | Zot:1    | Identified the +0 scale mail of the Forest {rPois rF+ SInv}
 82261 | Zot:1    | Found the +4 dragonskin cloak
 82261 | Zot:1    | Noticed Tiamat
 82353 | Zot:1    | Killed Tiamat
 82470 | Zot:1    | Found Anegisit's CLEARANCE SALE!.
 82477 | Zot:1    | Bought 2 potions of might for 32 gold pieces
 82684 | Zot:2    | Found a runed translucent gate.
 82684 | Zot:2    | Found a runed translucent gate.
 82697 | Zot:2    | Found a runed translucent gate.
 82700 | Zot:2    | Noticed Zonian's ghost (legendary VSFi)
 82717 | Zot:2    | Identified the +1 cloak "Wekhi" {Harm rF- rC++ rCorr}
 82718 | Zot:2    | Identified the +1 hat "Voiquagh" {rF+}
 82737 | Zot:3    | Gained mutation: You have sharp toenails. [mutagenic glow]
 82955 | Zot:2    | Gained mutation: [You are clumsy. (Dex -2)] [a cacodemon]
 83076 | Zot:3    | Killed Zonian's ghost
 83214 | Zot:2    | Reached skill level 22 in Shields
 83669 | Zot:2    | Reached XP level 27. HP: 222/222 MP: 45/45
 84934 | Zot:3    | Noticed an orb of fire
 84952 | Zot:3    | Killed an orb of fire
 86276 | Zot:4    | Found a transporter.
 86680 | Zot:4    | Found a transporter.
 86811 | Zot:4    | Found a transporter.
 86958 | Zot:4    | Found a transporter.
 87095 | Zot:5    | Entered Level 5 of the Realm of Zot
 87397 | Zot:5    | Reached skill level 23 in Shields
 87708 | Zot:5    | Noticed a dread lich
 87842 | Zot:5    | Killed a dread lich
 87912 | Zot:5    | Noticed an orb of fire
 87912 | Zot:5    | Noticed an orb of fire
 87913 | Zot:5    | Noticed an ancient lich
 87925 | Zot:5    | Noticed an orb of fire
 87934 | Zot:5    | Noticed an orb of fire
 87936 | Zot:5    | Noticed an orb of fire
 87936 | Zot:5    | Killed an ancient lich
 87937 | Zot:5    | Killed an orb of fire
 87964 | Zot:5    | Killed an orb of fire
 87979 | Zot:5    | Killed an orb of fire
 88347 | Pan      | Entered Pandemonium
 88543 | Pan      | Found an exit through the horrors of the Abyss.
 88749 | Pan      | Noticed Jinison the pandemonium lord
 88983 | Pan      | Learned a level 8 spell: Maxwell's Capacitive Coupling
 88992 | Pan      | Learned a level 8 spell: Ignition
 89001 | Pan      | Learned a level 8 spell: Discord
 89039 | Pan      | Killed Jinison the pandemonium lord
 89347 | Pan      | Found a burning altar of Makhleb.
 89714 | Pan      | Noticed Ecvergh the pandemonium lord
 89739 | Abyss:6  | Found a white marble altar of Elyvilon.
 89739 | Abyss:6  | Found a sparkling altar of Nemelex Xobeh.
 89739 | Abyss:6  | Found a stormy altar of Qazlal.
 89739 | Abyss:6  | Found a snail-covered altar of Cheibriados.
 89739 | Abyss:6  | Found an opulent altar of Gozag.
 89739 | Abyss:6  | Found a glowing golden altar of the Shining One.
 89739 | Abyss:6  | Found an iron altar of Okawaru.
 89739 | Abyss:6  | Found an ornate altar of the Wu Jian Council.
 89739 | Abyss:6  | Found a hazy altar of Hepliaklqana.
 89739 | Abyss:6  | Found a shadowy altar of Dithmenos.
 89739 | Abyss:6  | Found a hide-covered altar of Uskayaw.
 89739 | Abyss:6  | Found a shimmering altar of Xom.
 89739 | Abyss:6  | Found a glowing silver altar of Zin.
 89739 | Abyss:6  | Found a shimmering blue altar of Sif Muna.
 89739 | Abyss:6  | Found a blossoming altar of Fedhas.
 89739 | Abyss:6  | Found a radiant altar of Vehumet.
 89739 | Abyss:6  | Found a sacrificial altar of Ru.
 89739 | Abyss:6  | Found a basalt altar of Yredelemnul.
 89739 | Abyss:6  | Found a bloodstained altar of Trog.
 89739 | Abyss:6  | Found a broken altar of Ashenzari.
 89739 | Abyss:6  | Found a burning altar of Makhleb.
 89739 | Abyss:6  | Found an ancient bone altar of Kikubaaqudgha.
 89739 | Abyss:6  | Cast into level 6 of the Abyss (Ecvergh)
 89755 | Abyss:6  | Found a shimmering altar of Xom.
 89755 | Abyss:6  | Found a broken altar of Ashenzari.
 89781 | Abyss:6  | Found a corrupted altar of Lugonu.
 89790 | Abyss:6  | Found a hazy altar of Hepliaklqana.
 89792 | Abyss:6  | Found a glowing golden altar of the Shining One.
 89792 | Abyss:6  | Found a glowing silver altar of Zin.
 89800 | Abyss:6  | Found an iron altar of Okawaru.
 89834 | Abyss:6  | Found a bloodstained altar of Trog.
 89839 | Abyss:6  | Found an iron altar of Okawaru.
 89850 | Abyss:6  | HP: 9/216 [meliai/divine providence (14)]
 89850 | Abyss:6  | HP: 1/216 [meliai/+0 hand axe (8)]
 89855 | Abyss:6  | Killed from afar by a meliai

Illustrated notes

Levels and vault maps discovered:
D:1:      lightli_arrival_chessboard, layout_rooms
D:2:      layout_basic
D:3:      layout_loops_cross, mainiacjoe_overflow_cross_hatched, serial_shops,
          shop
D:4:      minmay_inner_zag, layout_rooms, minmay_temple_entry_drinking_statues,
          uniq_eustachio, uniq_grinder
D:5:      layout_loops_corners, amethyst_overflow_temple_binary
D:6:      layout_basic, hex_medium, chequers_avenue, serial_park_tiny_pond
D:7:      layout_basic, minmay_fractal_squares_gapless_5, uniq_maggie,
          uniq_prince_ribbit1
D:8:      kennysheep_spiral_hall, layout_basic, cheibriados_altar_1
D:9:      minmay_the_grid_square_5x5_4x4
          [minmay_the_grid_square_5x5_inverted_slash,
          minmay_the_grid_square_5x5_comb, minmay_the_grid_square_5x5_seven,
          minmay_the_grid_square_5x5_dogpile,
          minmay_the_grid_square_5x5_two_walls_b,
          minmay_the_grid_square_5x5_prize_open,
          minmay_the_grid_square_5x5_prize_deathbox,
          minmay_the_grid_square_5x5_three,
          minmay_the_grid_square_5x5_half_checkered,
          minmay_the_grid_square_5x5_prize_waves,
          minmay_the_grid_square_5x5_prize_itemx,
          minmay_the_grid_square_5x5_empty,
          minmay_the_grid_square_5x5_hollow_slash,
          minmay_the_grid_square_5x5_corner,
          minmay_the_grid_square_5x5_tetrominoes,
          minmay_the_grid_square_5x5_six], layout_loops_ring,
          gammafunk_temple_overflow_statue, lair_entry_dummy, minmay_st_funbox,
          serial_nicolae_subway, nicolae_sub_station_metal,
          nicolae_sub_station_crystal, nicolae_sub_station_stone
D:10:     layout_loops_cross, jmf_multi_god_temple,
          minmay_orc_entry_temple_small
D:11:     layout_roguey
D:12:     layout_basic, serial_shops, shop,
          nicolae_concentric_dashed_squares_wild, nzn_wu_jian_contemplation,
          uniq_frances
D:13:     layout_cave_pods, hellmonk_vaults_attempted_burglary,
          biasface_ghost_orc_armoury, uniq_kirke, uniq_snorg
D:14:     layout_small_grid, serial_bayou_pond_c, nicolae_hexahallways
D:15:     gammafunk_enter_depths_forms, layout_irregular_city,
          nicolae_tso_swordbearing_angel, minivault_27, elyvilon_altar_4,
          uniq_louise, uniq_josephine
Temple:   nicolae_temple_ecumenical_triangle
Lair:1:   layout_regular_city, grunt_megastairs_3, infiniplex_staircase_pool_2
Lair:2:   layout_concentric_octagons, minmay_swamp_entry_reptiles,
          nzn_sisyphean_effort
Lair:3:   layout_cave_pods, spider_nest_entry_a
Lair:4:   layout_regular_city, serial_bayou, serial_bayou_pond_b,
          serial_bayou_lagoon_b, serial_bayou_lagoon_a, serial_bayou_pond_a,
          basic_altar, patterned_corridor
Lair:5:   grunt_lair_end_beastmaster, layout_gridlike,
          nicolae_slime_entry_slimehenge, gammafunk_ghost_arena,
          serial_bayou_ford_a, serial_bayou_shore_b
Swamp:1:  layout_basic_swamp, nicolae_swamp_oxbows, nicolae_swamp_spooky_pond,
          uniq_roxanne
Swamp:2:  layout_basic_swamp, serial_swamp_ruin, hangedman_swamp_ruin_wall,
          evilmike_swamp_ruin_house_3, evilmike_swamp_ruin_house_2,
          swamp_pool_1_2
Swamp:3:  layout_falls_marsh, evilmike_swamp_ruin_house_6,
          nicolae_swamp_decorative_isthmus
Swamp:4:  swamp_alternative, layout_basic_swamp
Spider:1: nicolae_spider_mines_1
Spider:2: layout_spider_delve
Spider:3: layout_spider_delve
Spider:4: spider_rune_water
Slime:1:  layout_caves, nicolae_slime_phagocytosis
Slime:2:  layout_caves, nicolae_slime_rock_hall_of_fame
Slime:3:  nicolae_slime_spelunking
Slime:4:  layout_caves, nicolae_slime_round_cave
Slime:5:  slime_pit, uniq_dissolution
Orc:1:    layout_diamond_mine, basic_altar, serial_shops,
          nicolae_shop_advertising_works [nicolae_subvault_shop_adworks],
          uniq_erica
Orc:2:    grunt_orc_community_town_hall, layout_caves,
          grunt_orc_community_big_house_1, grunt_orc_community_big_house_1,
          grunt_orc_community_house_2, grunt_orc_community_house_2,
          grunt_orc_community_house_3, grunt_orc_community_house_1, uniq_maurice
Elf:1:    eino_elf_arrival_altar, layout_gridlike, serial_shops,
          nicolae_shop_waterfront, serial_corexii_hall, corexii_hall_statues_i,
          corexii_hall_statues_deadend, kennysheep_underground_church,
          drop_trap, uniq_asterion
Elf:2:    nicolae_elf_blades_splatter_lattice [nicolae_blade_tridents],
          layout_geoelf_octagon
Elf:3:    grunt_elf_hall_branching, layout_geoelf_octagon
Vaults:1: portal_desolation_entry_nicolae_nacl, v_pattern_5,
          nicolae_vaults_apartment_1, nicolae_vaults_cornered_office,
          nicolae_vaults_house_2, nicolae_vaults_tangram_1,
          hangedman_vaults_stitches, hangedman_vaults_maws, v_misc_29,
          nicolae_vaults_little_squares_4, nicolae_vaults_network_square,
          nicolae_vaults_layer_cake_slice, layout_vaults_omnibox
Vaults:2: nicolae_vaults_closet_pinwheel_1, nicolae_vaults_closet_pinwheel_4,
          nicolae_vaults_tangram_1, dpeg_vaults_monster_box,
          nicolae_vaults_closet_pinwheel_4, nicolae_vaults_tetromino_T_1,
          grunt_vaults_twisty, nicolae_vaults_double_plus_2,
          nicolae_vaults_double_plus_1, vaults_dpeg_ring,
          layout_vaults_chaotic_city, serial_shops, nicolae_shop_crystal, shop,
          nicolae_shop_real_fake_doors, nicolae_shop_peninsula, shop
Vaults:3: hellmonk_ghost_happy_afterlife, vaults_room_fours,
          serial_library_hellmonk_semicircle, nicolae_vaults_mush_room,
          ontoclasm_vaults_misaligned, nicolae_vaults_alarming,
          nicolae_vaults_double_plus_2, nicolae_vaults_border_crossing,
          vaults_room_grid, blue_anna_dwarven_crypt, layout_vaults_omnigrid
Vaults:4: ontoclasm_vaults_loading_screen, nicolae_vaults_network_barrier,
          nicolae_vaults_layer_cake_slice, nicolae_vaults_trapezoid_lopsided_1,
          nicolae_vaults_cochlea, nicolae_vaults_offset_grid_hallway_2,
          v_rooms_5, ontoclasm_vaults_spin, grunt_vaults_hallway_long,
          ontoclasm_vaults_eye, nicolae_vaults_trapezoid_4,
          hangedman_vaults_river_flow, nicolae_vaults_house_1,
          nicolae_vaults_angled_halls, vaults_room_door_ring, vaults_room_pools,
          nicolae_vaults_tetromino_Z_2, layout_vaults_big_cross, serial_shops,
          nicolae_shop_window_shopping, uniq_norris
Vaults:5
Crypt:1:  layout_catacombs, nicolae_crypt_grand_chamber
Depths:1: layout_gridlike, hell_entry, amcnicky_mini_pool_small,
          rand_demon_pan_entry_8, nicolae_gozag_seed_capital, minmay_shoptagon,
          uniq_nikola, uniq_mara, uniq_boris
Depths:2: kennysheep_ambush_hall, layout_cave_shapes,
          grunt_hell_entry_dis_grunt, abyss_entry, pan_entry
Depths:3: minmay_guarded_unrand_majin_bo, layout_basic, rand_demon_pan_entry_3,
          hell_entry, hangedman_decor_peaks_small, abyss_entry, serial_shops,
          shop, infiniplex_staircase_zigzag_3
Depths:4: grunt_x_marks_the_spot, layout_honeycomb, enter_ziggurat_a,
          gammafunk_ghost_smash, chequers_serial_rivers_micro_c, hell_entry,
          enter_trove_0, st_stairs_12, uniq_margery
Hell
Dis:1:    nicolae_dis_array, layout_regular_city
Zot:1:    layout_twisted_circle, nicolae_shop_clearance, uniq_tiamat,
          uniq_parghit
Zot:2:    layout_concentric_octagons, gammafunk_ghost_tricky_traps,
          regret_index_zotdec_banners
Zot:3:    regret_index_zot_pan_timeshare, layout_misc_corridors,
          regret_index_zotdec_dark_gr
Zot:4:    layout_cathedral_of_symmetry, bh_zot_lava_cross,
          nicolae_diode_intersection
Zot:5:    layout_cellular_growth
Abyss:6:  base: Spider:4, minivault_27, abyss_greek_temple,
          evilmike_abyss_rune_tso_outpost, grunt_abyss_rune_wretched_hive
Pan:      evilmike_mini_pan_corner, layout_basic, nicolae_pan_cerebovesque_4,
          regret_index_pan_draining_boxed, layout_small_grid, uniq_ignacio,
          pan_blood_fountain_1

Skill      XL: |  1  2  3  4  5  6  7  8  9 10 11 12 13 14 15 16 17 18 19 20 21 22 23 24 25 26 27 |
---------------+----------------------------------------------------------------------------------+-----
Invocations    | 1 2 3 4 5 6 7 8 9 10 11 12 13 14 15 16 17 18 19 20 21 | 21.1
Short Blades   | 1 2 3 4 5 6 7 8 9 10 11 12 13 14 15 16 17 18 19 | 19.5
Long Blades    | 1 2 3 4 5 6 7 8 9 10 11 12 13 14 15 16 17 18 19 | 19.5
Axes           | 1 2 3 4 5 6 7 8 9 10 11 12 13 14 15 16 17 18 19 | 19.5
Polearms       | 1 2 3 4 5 6 7 8 9 10 11 12 13 14 15 16 17 18 19 | 19.5
Staves         | 1 2 3 4 5 6 7 8 9 10 11 12 13 14 15 16 17 18 19 | 19.5
Ranged Weapons | 1 2 3 4 5 6 7 8 9 10 11 12 13 14 15 16 17 18 19 | 19.5
Throwing       | 1 2 3 4 5 6 7 8 9 10 11 12 13 14 15 16 17 18 19 | 19.5
Dodging        | 1 2 3 4 5 6 7 8 9 10 11 12 13 14 15 16 17 18 19 | 19.5
Stealth        | 1 2 3 4 5 6 7 8 9 10 11 12 13 14 15 16 17 18 19 | 19.5
Unarmed Combat | 1 2 3 4 5 6 7 8 9 10 11 12 13 14 15 17 18 19 20 22 | 22.3
Spellcasting   | 1 2 3 4 5 6 7 8 9 10 11 12 13 14 15 16 17 18 19 | 19.5
Evocations     | 1 2 3 4 5 6 7 8 9 10 11 12 13 14 15 16 17 18 19 | 19.5
Conjurations   | 1 2 3 4 5 6 7 8 9 10 11 12 13 14 15 16 | 16.7
Hexes          | 1 2 3 4 5 6 7 8 9 10 11 12 13 14 15 16 | 16.7
Summonings     | 1 2 3 4 5 6 7 8 9 10 11 12 13 14 15 16 | 16.7
Necromancy     | 1 2 3 4 5 6 7 8 9 10 11 12 13 14 15 16 | 16.7
Translocations | 1 2 3 4 5 6 7 8 9 10 11 12 13 14 15 16 | 16.7
Fire Magic     | 1 2 3 4 5 6 7 8 9 10 11 12 13 14 15 16 | 16.7
Ice Magic      | 1 2 3 4 5 6 7 8 9 10 11 12 13 14 15 16 | 16.7
Air Magic      | 1 2 3 4 5 6 7 8 9 10 11 12 13 14 15 16 | 16.7
Earth Magic    | 1 2 3 4 5 6 7 8 9 10 11 12 13 14 15 16 | 16.7
Alchemy        | 1 2 3 4 5 6 7 8 9 10 11 12 13 14 15 16 | 16.7
Shapeshifting  | 1 2 3 4 5 6 7 8 9 10 11 12 13 14 15 16 17 18 | 18.1
Maces & Flails | 5 6 7 8 9 10 11 12 13 14 15 16 17 18 19 20 | 20.0
Fighting       | 7 8 9 10 11 12 13 14 15 16 17 18 19 20 | 20.4
Armour         | 7 8 9 10 11 12 13 14 15 16 17 18 19 20 | 20.4
Shields        | 7 8 9 10 11 12 13 14 15 16 17 18 20 21 22 23 | 23.6

Action                     |  1- 3 |  4- 6 |  7- 9 | 10-12 | 13-15 | 16-18 | 19-21 | 22-24 | 25-27 || total
---------------------------+-------+-------+-------+-------+-------+-------+-------+-------+-------++-------
  Melee: Flail             |   135 |    65 |   192 |       |       |       |       |       |       ||   392
         Bite              |    17 |     3 |    36 |   108 |   388 |   466 |   379 |   500 |   628 ||  2525
         Falchion          |       |       |   136 |   436 |       |       |       |       |       ||   572
         Dagger            |       |       |     3 |   228 |  2093 |  1515 |       |       |       ||  3839
         Punch             |       |       |       |     1 |       |       |       |     6 |       ||     7
         Headbutt          |       |       |       |    10 |   665 |   406 |       |       |       ||  1081
         Eveningstar       |       |       |       |       |       |   198 |  1377 |  2318 |  2668 ||  6561
         Demon blade       |       |       |       |       |       |   892 |   810 |       |       ||  1702
         Unarmed           |       |       |       |       |       |       |       |    20 |       ||    20
         Battleaxe         |       |       |       |       |       |       |       |       |    55 ||    55
   Fire: Orcbow            |       |       |       |     5 |       |       |       |       |       ||     5
  Throw: Dart              |       |       |    14 |    16 |    58 |   126 |       |       |       ||   214
         Javelin           |       |       |       |       |       |       |     3 |    36 |       ||    39
   Cast: Blink             |       |       |       |       |       |     1 |       |     1 |       ||     2
         Olgreb's Toxic Ra |       |       |       |       |       |       |     2 |       |     3 ||     5
         Plasma Beam       |       |       |       |       |       |       |       |     7 |       ||     7
         Lee's Rapid Decon |       |       |       |       |       |       |       |     5 |       ||     5
 Invoke: Lesser Servant of |       |       |       |    25 |    53 |    40 |    33 |    17 |    17 ||   185
         Greater Servant o |       |       |       |       |       |       |       |     1 |     3 ||     4
Ability: Evoke Invisibilit |       |       |       |       |       |       |     1 |     1 |       ||     2
         Begin Untransform |       |       |       |       |       |       |       |       |     1 ||     1
  Evoke: Wand              |       |     2 |     2 |     5 |     6 |    16 |    10 |    24 |     3 ||    68
         Box of beasts     |       |       |       |       |     2 |     3 |     4 |     3 |     3 ||    15
         Lightning rod     |       |       |       |       |       |       |     7 |     9 |     7 ||    23
         Horn of Geryon    |       |       |       |       |       |       |       |       |     5 ||     5
         Phial of floods   |       |       |       |       |       |       |       |       |     1 ||     1
    Use: Scroll            |     3 |     3 |    10 |     7 |     9 |    20 |     7 |    10 |    20 ||    89
         Potion            |       |     1 |       |     2 |     3 |    10 |     4 |     5 |     6 ||    31
   Stab: Sleeping          |       |       |     2 |     4 |       |    14 |     9 |    21 |    19 ||    69
         Distracted        |       |       |       |     6 |    22 |    18 |     6 |     7 |    26 ||    85
         Invisible         |       |       |       |       |     1 |     2 |     3 |     1 |       ||     7
         Petrifying        |       |       |       |       |     2 |       |       |       |       ||     2
         Petrified         |       |       |       |       |     2 |       |       |       |       ||     2
         Confused          |       |       |       |       |     1 |     2 |       |     4 |       ||     7
         Fleeing           |       |       |       |       |       |       |       |       |     1 ||     1
 Armour: Scale mail        |    79 |    25 |     1 |       |       |       |       |       |       ||   105
         Skin              |       |    11 |       |       |       |       |       |     2 |       ||    13
         Ring mail         |       |       |   222 |   243 |       |       |       |       |       ||   465
         Plate armour      |       |       |       |   195 |  1608 |   153 |       |       |       ||  1956
         Chain mail        |       |       |       |       |       |  2321 |  1294 |       |       ||  3615
         Fire dragon scale |       |       |       |       |       |       |    69 |  1587 |  1730 ||  3386
  Dodge: Dodged            |    52 |    23 |   197 |   239 |   623 |  1204 |   884 |  1614 |  2572 ||  7408
  Block: Buckler           |    34 |    17 |    98 |   194 |   601 |   824 |    49 |       |       ||  1817
         Kite shield       |       |       |       |       |       |       |  1288 |  1901 |  3078 ||  6267
         Reflection        |       |       |       |       |       |       |       |       |    23 ||    23
   Form: Statue            |       |       |       |       |       |       |       |       |     1 ||     1

Table legend: (Time is in decaauts)
 A = Elapsed time spent in this place.
 B = Non-inter-level travel time spent in this place.
 C = Inter-level travel time spent in this place.
 D = Time resting spent in this place.
 E = Time spent auto-exploring this place.
 F = Levels seen in this place.
 G = Mean time per level.
                   A        B        C        D        E       F      G
               +--------+--------+--------+--------+--------+-----+--------+
         Total |  86502 |  80727 |   5775 |  17047 |  39630 |  61 | 1418.1 |
       Dungeon |  17999 |  15954 |   2045 |   1002 |  11022 |  15 | 1199.9 |
        Temple |     98 |     98 |      0 |     82 |      0 |   1 |   98.0 |
          Lair |   6777 |   6042 |    735 |    335 |   4392 |   5 | 1355.4 |
         Swamp |   3574 |   3484 |     90 |    580 |   1817 |   4 |  893.5 |
   Spider Nest |  10036 |   9613 |    423 |   4502 |   2623 |   4 | 2509.0 |
    Slime Pits |   5547 |   5281 |    266 |   1927 |   1618 |   5 | 1109.4 |
  Orcish Mines |   3216 |   2900 |    316 |    954 |   1231 |   2 | 1608.0 |
   Elven Halls |   5760 |   5463 |    297 |   1221 |   2500 |   3 | 1920.0 |
        Vaults |  12560 |  11858 |    702 |   2028 |   5641 |   5 | 2512.0 |
         Crypt |    892 |    857 |     35 |    118 |    456 |   1 |  892.0 |
        Depths |   8391 |   7856 |    535 |   2305 |   3493 |   4 | 2097.8 |
          Hell |   1043 |    954 |     89 |     52 |    416 |   1 | 1043.0 |
           Dis |    102 |    102 |      0 |     37 |     10 |   1 |  102.0 |
           Zot |   6402 |   6166 |    236 |    518 |   3367 |   5 | 1280.4 |
         Abyss |    132 |    132 |      0 |      0 |      0 |   2 |   66.0 |
   Pandemonium |   1341 |   1341 |      0 |      0 |    720 |   2 |  670.5 |
    Desolation |   2625 |   2625 |      0 |   1385 |    323 |   1 | 2625.0 |
               +--------+--------+--------+--------+--------+-----+--------+

Top non-repeatable levels by time:
Vaults:3: 3502 daAuts
Depths:4: 3126 daAuts
Vaults:1: 2771 daAuts
     D:9: 2674 daAuts
Spider:1: 2673 daAuts
Desolation: 2625 daAuts
Vaults:2: 2611 daAuts
Spider:2: 2536 daAuts
Spider:3: 2493 daAuts
   Orc:2: 2426 daAuts
Spider:4: 2332 daAuts
   Elf:2: 2138 daAuts
Vaults:4: 2123 daAuts
Depths:3: 2096 daAuts
Depths:1: 2089 daAuts
